cohdb
Replays
Latest Replays
All Replays
Popular Replays
Top Player Replays
Match Explorer
How It Works
Community
CoH3 Stats
Reddit
Sign in to upload your games and track your stats! →
Sign in with Steam
Match 45840709
Unlisted
Match 45840709
Overview
Messages
Build Orders
End
Pioneer Squad
Pioneer Squad
Construct Infanterie Kompanie
Selects Mechanized Battlegroup
MG 42 Machine Gun Team
Grenadier Squad
MG 42 Machine Gun Team
Construct Panzergrenadier Kompanie
Panzergrenadier Squad
Support Elements
Selects Raid Package
Panzergrenadier Squad
Medical Bunker
StuG III G Assault Gun
Selects 8 Rad Armored Car
8 Rad Armored Car
Nebelwerfer 42 Rocket Launcher Team
Selects UNKNOWN (2160084)
Selects Mobile Repair Stations
Construct Panzer Kompanie
Selects Wespe Self-propelled Artillery
Stoßtruppen Squad
Stoßtruppen Squad
Panther Heavy Tank
Selects Zeroing Artillery Barrage
masterhex
MillenniumKnight
0
0
Comments
sign in to comment!
No comments posted yet!